Flames vs Sharks

Created - December 15 2010 at 17:59

Goals
1 2 3 T
Flames 2 2 0 4
Sharks 1 0 1 2
Shots
1 2 3 T
Flames 10 6 10 26
Sharks 6 5 14 25

Period #1

1. Sharks , Eric Brewer 1 (Kamil Kreps, Francois Beauchemin) at 6:45
2. Flames , Steve Downie 3 (Josh Gorges, Zach Bogosian) at 8:03
3. Flames , Evgeni Malkin 11 (Dan Boyle, Mike Fisher) at 11:23

Penalties :
Johnny Boychuk (SJS) for Tripping (Minor) at 0:11, Johnny Boychuk (SJS) for Hooking (Minor) at 4:16, Mike Fisher (CGY) for Tripping (Minor) at 14:23, Blake Comeau (SJS) for Charging (Minor) at 15:44

Period #2

4. Flames , Alex Steen 11 (Zach Bogosian) at 6:48
5. Flames , Owen Nolan 5 (Marco Sturm, Jack Johnson) at 9:07

Penalties :
Rostislav Olesz (CGY) for Tripping (Minor) at 4:04, Marco Sturm (CGY) for Roughing (Minor) at 9:44, Rostislav Olesz (CGY) for Holding (Minor) at 11:15, Shane OBrien (SJS) for Interference (Minor) at 14:12

Period #3

6. Sharks , Francois Beauchemin 5 (Jarret Stoll, Shane Doan) at 0:29 (PP)

Penalties :
Mark Streit (CGY) for Roughing (Minor) at 0:19, Jack Johnson (CGY) for Roughing (Minor) at 3:47, Dan Boyle (CGY) for Interference (Minor) at 8:31, Brad Staubitz (SJS) for Fighting (Major) at 13:30, Steve Downie (CGY) for Fighting (Major) at 13:30, Mike Fisher (CGY) for Roughing (Minor) at 18:05

Goalie Stats

Evgeni Nabokov (CGY), 23 saves from 25 shots - (0.920), W, 15-10-6, 60:00 minutes
Scott Clemmensen (SJS), 22 saves from 26 shots - (0.846), L, 1-4-0, 60:00 minutes

Players Stats

Flames
Player Name              G  A  P  +/- PIM S  H  SB FO    MP 
------------------------------------------------------------
Alex Steen               1  0  1   2  0   3  0  0  1/2   19 
Dan Boyle                0  1  1   1  2   1  1  1  0/0   22 
Erik Johnson             0  0  0   1  0   3  1  2  0/0   20 
Evgeni Malkin            1  0  1   2  0   1  1  0  1/3   19 
Jack Johnson             0  1  1   2  2   1  0  0  0/0   16 
John Tavares             0  0  0   1  0   0  0  0  9/26  21 
Josh Gorges              0  1  1   0  0   0  1  2  0/0   21 
Marco Sturm              0  1  1   1  2   4  2  0  2/3   19 
Mark Streit              0  0  0   1  2   0  1  0  0/0   22 
Matt Cullen              0  0  0   1  0   2  0  0  8/17  15 
Maxim Lapierre           0  0  0   0  0   1  0  0  1/4   5  
Mike Fisher              0  1  1   1  4   5  2  0  19/27 20 
Oskars Bartulis          0  0  0   0  0   0  0  0  0/0   1  
Owen Nolan               1  0  1   1  0   2  2  0  1/2   13 
Rob Schremp              0  0  0   0  0   0  0  0  0/0   0  
Rostislav Olesz          0  0  0   0  4   1  0  0  0/1   18 
Steve Downie             1  0  1   0  5   2  2  0  1/1   15 
Zach Bogosian            0  2  2   1  0   0  3  3  0/0   19 
Sharks
Player Name              G  A  P  +/- PIM S  H  SB FO    MP 
------------------------------------------------------------
Alex Tanguay             0  0  0  -3  0   1  0  0  1/1   13 
Blake Comeau             0  0  0   0  2   0  2  0  0/0   17 
Brad Staubitz            0  0  0   0  5   0  0  0  1/1   11 
Bryan McCabe             0  0  0  -2  0   0  2  5  0/0   25 
Dainius Zubrus           0  0  0   0  0   0  0  0  1/2   14 
Eric Brewer              1  0  1  -1  0   3  1  0  0/0   12 
Erik Christensen         0  0  0  -3  0   1  0  0  8/11  11 
Francois Beauchemin      1  1  2   0  0   6  1  2  0/0   25 
Jarret Stoll             0  1  1   0  0   2  1  1  11/26 19 
Johnny Boychuk           0  0  0   0  4   0  3  0  0/0   18 
Kamil Kreps              0  1  1   0  0   1  0  0  8/15  13 
Marc Savard              0  0  0   0  0   2  0  0  12/29 18 
Marek Zidlicky           0  0  0   0  0   2  1  1  0/0   21 
Mason Raymond            0  0  0   0  0   1  0  0  0/0   16 
Nick Foligno             0  0  0  -3  0   1  0  0  0/0   12 
Shane Doan               0  1  1   0  0   3  2  0  1/1   19 
Shane OBrien             0  0  0  -3  2   1  0  1  0/0   17 
Tom Kostopoulos          0  0  0   0  0   1  0  0  0/0   11 

3 Stars

1 - Zach Bogosian (CGY)
2 - Francois Beauchemin (SJS)
3 - Evgeni Malkin (CGY)

Power Play

Flames - 0 on 4 Attempt(s) - 0.00%
Sharks - 1 on 8 Attempt(s) - 12.50%

Penalty Kill

Flames - 7 on 8 Attempt(s) - 87.50% - Score 0 goal in Penalty Kill
Sharks - 4 on 4 Attempt(s) - 100.00% - Score 0 goal in Penalty Kill

Game Notes

Steve Downie beats up Brad Staubitz at 13:30 of 3rd period

Finance

Level 1 -- Attendance: 4778 (73.51%) -- Ticket Income $477,800.00
Level 2 -- Attendance: 3599 (71.98%) -- Ticket Income $215,940.00
Level 3 -- Attendance: 2764 (78.97%) -- Ticket Income $96,740.00
Level 4 -- Attendance: 1496 (100.00%) -- Ticket Income $29,920.00
Luxury Box -- Attendance: 788 (78.80%) -- Ticket Income $157,600.00
Game was played at the HP Pavilion center
Total Attendance: 13425 (76.73%)
Total Ticket Income: $1,023,310.00
Other Income: $189,237.90
Total Income: $1,212,548.00


Play by Play

Period #1

0:01 of 1st period - Mike Fisher wins face-off versus Marc Savard in neutral zone.
0:11 of 1st period - Minor Penalty to Johnny Boychuk for Tripping.
0:12 of 1st period - Jarret Stoll wins face-off versus Mike Fisher in Sharks zone.
0:12 of 1st period - Jarret Stoll is hit by Mike Fisher.
0:39 of 1st period - Icing by Jack Johnson.
0:40 of 1st period - Mike Fisher wins face-off versus Marc Savard in Flames zone.
1:11 of 1st period - Shane Doan is hit by Evgeni Malkin and loses puck.
1:22 of 1st period - Shot by Dan Boyle.
1:22 of 1st period - Stopped by Scott Clemmensen with a rebound.
1:24 of 1st period - Shot by Mark Streit.
1:24 of 1st period - Shot Misses the Net.
1:26 of 1st period - Shot by Dan Boyle.
1:26 of 1st period - Shot Hit the Post.
3:25 of 1st period - Shot by Brad Staubitz.
3:25 of 1st period - Shot Misses the Net.
3:27 of 1st period - Shot by Tom Kostopoulos.
3:27 of 1st period - Shot Misses the Net.
3:29 of 1st period - Shot by Tom Kostopoulos.
3:29 of 1st period - Shot Misses the Net.
3:31 of 1st period - Shot by Brad Staubitz.
3:31 of 1st period - Shot Misses the Net.
3:33 of 1st period - Shot by Kamil Kreps.
3:33 of 1st period - Stopped by Evgeni Nabokov without a rebound.
3:34 of 1st period - Jarret Stoll wins face-off versus Matt Cullen in Flames zone.
3:50 of 1st period - Shane Doan is hit by Marco Sturm and loses puck.
3:59 of 1st period - Shot by Marco Sturm.
3:59 of 1st period - Shot Blocked by Francois Beauchemin.
4:01 of 1st period - Shot by Marco Sturm.
4:01 of 1st period - Stopped by Scott Clemmensen without a rebound.
4:02 of 1st period - Marc Savard wins face-off versus Alex Steen in Sharks zone.
4:16 of 1st period - Minor Penalty to Johnny Boychuk for Hooking.
4:17 of 1st period - Mike Fisher wins face-off versus Jarret Stoll in Sharks zone.
4:18 of 1st period - Shot by Jack Johnson.
4:18 of 1st period - Shot Blocked by Marek Zidlicky.
4:20 of 1st period - Shot by Erik Johnson.
4:20 of 1st period - Shot Misses the Net.
4:22 of 1st period - Shot by Erik Johnson.
4:22 of 1st period - Stopped by Scott Clemmensen without a rebound.
4:23 of 1st period - Jarret Stoll wins face-off versus Evgeni Malkin in Sharks zone.
4:49 of 1st period - Off-side.
4:50 of 1st period - Marco Sturm wins face-off versus Marc Savard in neutral zone.
5:14 of 1st period - Shot by Shane Doan.
5:14 of 1st period - Stopped by Evgeni Nabokov without a rebound.
5:15 of 1st period - Jarret Stoll wins face-off versus John Tavares in Flames zone.
6:06 of 1st period - Icing by Marco Sturm.
6:07 of 1st period - Jarret Stoll wins face-off versus Mike Fisher in Flames zone.
6:24 of 1st period - Shot by Eric Brewer.
6:24 of 1st period - Stopped by Evgeni Nabokov without a rebound.
6:25 of 1st period - Alex Tanguay wins face-off versus Maxim Lapierre in Flames zone.
6:28 of 1st period - Shot by Erik Christensen.
6:28 of 1st period - Stopped by Evgeni Nabokov with a rebound.
6:35 of 1st period - Icing by Steve Downie.
6:36 of 1st period - Kamil Kreps wins face-off versus Maxim Lapierre in Flames zone.
6:39 of 1st period - Shot by Brad Staubitz.
6:39 of 1st period - Shot Misses the Net.
6:43 of 1st period - Shot by Kamil Kreps.
6:43 of 1st period - Shot Misses the Net.
6:45 of 1st period - Shot by Eric Brewer.
6:45 of 1st period - Goal by Eric Brewer - Flames : 0 - Sharks : 1.
6:46 of 1st period - Owen Nolan wins face-off versus Marc Savard in neutral zone.
6:55 of 1st period - Shot by Marco Sturm.
6:55 of 1st period - Stopped by Scott Clemmensen without a rebound.
6:56 of 1st period - Mike Fisher wins face-off versus Kamil Kreps in Sharks zone.
7:57 of 1st period - Shot by Steve Downie.
7:57 of 1st period - Shot Blocked by Bryan McCabe.
8:01 of 1st period - Shot by Josh Gorges.
8:01 of 1st period - Shot Blocked by Bryan McCabe.
8:03 of 1st period - Shot by Steve Downie.
8:03 of 1st period - Goal by Steve Downie - Flames : 1 - Sharks : 1.
8:04 of 1st period - Marc Savard wins face-off versus Matt Cullen in neutral zone.
8:13 of 1st period - Shot by Marc Savard.
8:13 of 1st period - Shot Blocked by Erik Johnson.
8:36 of 1st period - Marco Sturm is hit by Johnny Boychuk and loses puck.
8:46 of 1st period - Marco Sturm is hit by Bryan McCabe.
9:26 of 1st period - Icing by Jarret Stoll.
9:27 of 1st period - Evgeni Malkin wins face-off versus Jarret Stoll in Sharks zone.
9:33 of 1st period - Icing by Marek Zidlicky.
9:34 of 1st period - Mike Fisher wins face-off versus Jarret Stoll in Sharks zone.
9:34 of 1st period - Mike Fisher is hit by Francois Beauchemin.
9:50 of 1st period - Shot by Mike Fisher.
9:50 of 1st period - Shot Blocked by Jarret Stoll.
9:52 of 1st period - Shot by Alex Steen.
9:52 of 1st period - Deflect By Mike Fisher.
9:52 of 1st period - Stopped by Scott Clemmensen without a rebound.
9:53 of 1st period - Erik Christensen wins face-off versus Marco Sturm in Sharks zone.
10:49 of 1st period - Off-side.
10:50 of 1st period - Kamil Kreps wins face-off versus Mike Fisher in neutral zone.
11:17 of 1st period - Shot by Alex Steen.
11:17 of 1st period - Shot Misses the Net.
11:19 of 1st period - Shot by Mike Fisher.
11:19 of 1st period - Shot Misses the Net.
11:23 of 1st period - Shot by Evgeni Malkin.
11:23 of 1st period - Goal by Evgeni Malkin - Flames : 2 - Sharks : 1.
11:24 of 1st period - Marc Savard wins face-off versus Rostislav Olesz in neutral zone.
11:39 of 1st period - Shot by Steve Downie.
11:39 of 1st period - Shot Hit the Post.
13:10 of 1st period - Shot by Evgeni Malkin.
13:10 of 1st period - Shot Misses the Net.
13:14 of 1st period - Shot by Mike Fisher.
13:14 of 1st period - Shot Misses the Net.
13:18 of 1st period - Shot by Evgeni Malkin.
13:18 of 1st period - Shot Blocked by Bryan McCabe.
13:20 of 1st period - Shot by Mark Streit.
13:20 of 1st period - Shot Misses the Net.
13:22 of 1st period - Shot by Mike Fisher.
13:22 of 1st period - Stopped by Scott Clemmensen without a rebound.
13:23 of 1st period - Brad Staubitz wins face-off versus John Tavares in Sharks zone.
13:51 of 1st period - Shot by Tom Kostopoulos.
13:51 of 1st period - Shot Misses the Net.
13:53 of 1st period - Shot by Brad Staubitz.
13:53 of 1st period - Shot Misses the Net.
13:55 of 1st period - Shot by Tom Kostopoulos.
13:55 of 1st period - Shot Misses the Net.
13:57 of 1st period - Shot by Kamil Kreps.
13:57 of 1st period - Shot Blocked by Josh Gorges.
14:01 of 1st period - Shot by Brad Staubitz.
14:01 of 1st period - Shot Blocked by Zach Bogosian.
14:20 of 1st period - Icing by Marek Zidlicky.
14:21 of 1st period - Jarret Stoll wins face-off versus Mike Fisher in Sharks zone.
14:23 of 1st period - Minor Penalty to Mike Fisher for Tripping.
14:24 of 1st period - Marc Savard wins face-off versus Maxim Lapierre in Flames zone.
15:44 of 1st period - Minor Penalty to Blake Comeau for Charging.
15:45 of 1st period - John Tavares wins face-off versus Marc Savard in Sharks zone.
16:02 of 1st period - Shot by Marc Savard.
16:02 of 1st period - Shot Misses the Net.
16:04 of 1st period - Shot by Jarret Stoll.
16:04 of 1st period - Stopped by Evgeni Nabokov without a rebound.
16:05 of 1st period - Steve Downie wins face-off versus Marc Savard in Flames zone.
16:10 of 1st period - Shot by Erik Johnson.
16:10 of 1st period - Stopped by Scott Clemmensen without a rebound.
16:11 of 1st period - Marc Savard wins face-off versus John Tavares in Sharks zone.
17:32 of 1st period - Shot by Dan Boyle.
17:32 of 1st period - Shot Blocked by Bryan McCabe.
17:46 of 1st period - Shot by Alex Steen.
17:46 of 1st period - Stopped by Scott Clemmensen without a rebound.
17:47 of 1st period - Kamil Kreps wins face-off versus John Tavares in Sharks zone.
17:47 of 1st period - Kamil Kreps is hit by Steve Downie.
18:00 of 1st period - Brad Staubitz is hit by Zach Bogosian.
18:13 of 1st period - Icing by Francois Beauchemin.
18:14 of 1st period - Mike Fisher wins face-off versus Kamil Kreps in Sharks zone.
19:37 of 1st period - Off-side.
19:38 of 1st period - Jarret Stoll wins face-off versus John Tavares in neutral zone.

Period #2

0:01 of 2nd period - Marc Savard wins face-off versus Evgeni Malkin in neutral zone.
0:08 of 2nd period - Shot by Blake Comeau.
0:08 of 2nd period - Shot Blocked by Dan Boyle.
0:10 of 2nd period - Shot by Marc Savard.
0:10 of 2nd period - Stopped by Evgeni Nabokov without a rebound.
0:11 of 2nd period - John Tavares wins face-off versus Jarret Stoll in Flames zone.
0:11 of 2nd period - John Tavares is hit by Jarret Stoll.
0:25 of 2nd period - Shot by Shane Doan.
0:25 of 2nd period - Stopped by Evgeni Nabokov without a rebound.
0:26 of 2nd period - Mike Fisher wins face-off versus Marc Savard in Flames zone.
0:33 of 2nd period - Johnny Boychuk is hit by Mike Fisher and loses puck.
2:04 of 2nd period - Icing by Shane Doan.
2:05 of 2nd period - Matt Cullen wins face-off versus Jarret Stoll in Sharks zone.
2:40 of 2nd period - Shot by Matt Cullen.
2:40 of 2nd period - Stopped by Scott Clemmensen without a rebound.
2:41 of 2nd period - Marc Savard wins face-off versus Mike Fisher in Sharks zone.
2:48 of 2nd period - Shot by Blake Comeau.
2:48 of 2nd period - Deflect By Marc Savard.
2:48 of 2nd period - Shot Misses the Net.
3:35 of 2nd period - Francois Beauchemin is hit by Zach Bogosian.
3:39 of 2nd period - Shot by Kamil Kreps.
3:39 of 2nd period - Shot Misses the Net.
3:41 of 2nd period - Shot by Brad Staubitz.
3:41 of 2nd period - Shot Hit the Post.
4:04 of 2nd period - Minor Penalty to Rostislav Olesz for Tripping.
4:05 of 2nd period - Mike Fisher wins face-off versus Marc Savard in Flames zone.
5:08 of 2nd period - Shot by Dainius Zubrus.
5:08 of 2nd period - Shot Misses the Net.
5:10 of 2nd period - Shot by Shane OBrien.
5:10 of 2nd period - Stopped by Evgeni Nabokov without a rebound.
5:11 of 2nd period - Matt Cullen wins face-off versus Jarret Stoll in Flames zone.
5:11 of 2nd period - Matt Cullen is hit by Shane Doan.
5:36 of 2nd period - Shot by Francois Beauchemin.
5:36 of 2nd period - Stopped by Evgeni Nabokov without a rebound.
5:37 of 2nd period - Matt Cullen wins face-off versus Marc Savard in Flames zone.
6:12 of 2nd period - Shot by Francois Beauchemin.
6:12 of 2nd period - Stopped by Evgeni Nabokov without a rebound.
6:13 of 2nd period - Maxim Lapierre wins face-off versus Erik Christensen in Flames zone.
6:48 of 2nd period - Shot by Alex Steen.
6:48 of 2nd period - Goal by Alex Steen - Flames : 3 - Sharks : 1.
6:49 of 2nd period - Jarret Stoll wins face-off versus John Tavares in neutral zone.
7:39 of 2nd period - Shot by Owen Nolan.
7:39 of 2nd period - Stopped by Scott Clemmensen without a rebound.
7:40 of 2nd period - Mike Fisher wins face-off versus Marc Savard in Sharks zone.
7:40 of 2nd period - Mike Fisher is hit by Johnny Boychuk.
9:07 of 2nd period - Shot by Owen Nolan.
9:07 of 2nd period - Goal by Owen Nolan - Flames : 4 - Sharks : 1.
9:08 of 2nd period - John Tavares wins face-off versus Kamil Kreps in neutral zone.
9:25 of 2nd period - Shot by Tom Kostopoulos.
9:25 of 2nd period - Shot Misses the Net.
9:42 of 2nd period - Icing by Eric Brewer.
9:43 of 2nd period - Kamil Kreps wins face-off versus Matt Cullen in Sharks zone.
9:43 of 2nd period - Kamil Kreps is hit by Owen Nolan.
9:44 of 2nd period - Minor Penalty to Marco Sturm for Roughing.
9:45 of 2nd period - Mike Fisher wins face-off versus Jarret Stoll in Flames zone.
9:51 of 2nd period - Icing by Jarret Stoll.
9:52 of 2nd period - Mike Fisher wins face-off versus Jarret Stoll in Sharks zone.
10:28 of 2nd period - Shot by Shane Doan.
10:28 of 2nd period - Shot Misses the Net.
10:30 of 2nd period - Shot by Johnny Boychuk.
10:30 of 2nd period - Shot Misses the Net.
11:15 of 2nd period - Minor Penalty to Rostislav Olesz for Holding.
11:16 of 2nd period - Matt Cullen wins face-off versus Jarret Stoll in Flames zone.
13:40 of 2nd period - Evgeni Malkin is hit by Bryan McCabe and loses puck.
14:12 of 2nd period - Minor Penalty to Shane OBrien for Interference.
14:13 of 2nd period - Mike Fisher wins face-off versus Jarret Stoll in Sharks zone.
14:24 of 2nd period - Erik Johnson is hit by Blake Comeau and loses puck.
15:05 of 2nd period - Icing by Alex Steen.
15:06 of 2nd period - Alex Steen wins face-off versus Marc Savard in Flames zone.
18:10 of 2nd period - Shot by Mark Streit.
18:10 of 2nd period - Shot Misses the Net.
18:12 of 2nd period - Shot by Mike Fisher.
18:12 of 2nd period - Shot Misses the Net.
18:14 of 2nd period - Shot by Mike Fisher.
18:14 of 2nd period - Shot Misses the Net.
18:18 of 2nd period - Shot by Evgeni Malkin.
18:18 of 2nd period - Shot Misses the Net.
18:30 of 2nd period - Shot by John Tavares.
18:30 of 2nd period - Shot Misses the Net.
18:34 of 2nd period - Shot by Steve Downie.
18:34 of 2nd period - Stopped by Scott Clemmensen with a rebound.
18:38 of 2nd period - Shot by John Tavares.
18:38 of 2nd period - Deflect By Rostislav Olesz.
18:38 of 2nd period - Stopped by Scott Clemmensen without a rebound.
18:39 of 2nd period - Erik Christensen wins face-off versus John Tavares in Sharks zone.
18:45 of 2nd period - Alex Tanguay is hit by Steve Downie.

Period #3

0:01 of 3rd period - Mike Fisher wins face-off versus Marc Savard in neutral zone.
0:19 of 3rd period - Minor Penalty to Mark Streit for Roughing.
0:20 of 3rd period - Mike Fisher wins face-off versus Jarret Stoll in Flames zone.
0:29 of 3rd period - Shot by Francois Beauchemin.
0:29 of 3rd period - Goal by Francois Beauchemin - Flames : 4 - Sharks : 2.
0:30 of 3rd period - Kamil Kreps wins face-off versus John Tavares in neutral zone.
0:33 of 3rd period - Shot by Brad Staubitz.
0:33 of 3rd period - Shot Misses the Net.
0:35 of 3rd period - Shot by Kamil Kreps.
0:35 of 3rd period - Shot Hit the Post.
0:37 of 3rd period - Shot by Francois Beauchemin.
0:37 of 3rd period - Stopped by Evgeni Nabokov without a rebound.
0:38 of 3rd period - Erik Christensen wins face-off versus Matt Cullen in Flames zone.
0:47 of 3rd period - Icing by Shane OBrien.
0:48 of 3rd period - John Tavares wins face-off versus Erik Christensen in Sharks zone.
0:55 of 3rd period - Shot by Steve Downie.
0:55 of 3rd period - Shot Misses the Net.
1:53 of 3rd period - Icing by Francois Beauchemin.
1:54 of 3rd period - Matt Cullen wins face-off versus Jarret Stoll in Sharks zone.
1:55 of 3rd period - Shot by Marco Sturm.
1:55 of 3rd period - Shot Misses the Net.
1:59 of 3rd period - Shot by Owen Nolan.
1:59 of 3rd period - Shot Misses the Net.
2:01 of 3rd period - Shot by Erik Johnson.
2:01 of 3rd period - Stopped by Scott Clemmensen without a rebound.
2:02 of 3rd period - Matt Cullen wins face-off versus Marc Savard in Sharks zone.
2:07 of 3rd period - Shot by Matt Cullen.
2:07 of 3rd period - Shot Misses the Net.
2:11 of 3rd period - Shot by Matt Cullen.
2:11 of 3rd period - Stopped by Scott Clemmensen without a rebound.
2:12 of 3rd period - Mike Fisher wins face-off versus Kamil Kreps in Sharks zone.
2:44 of 3rd period - Shot by Evgeni Malkin.
2:44 of 3rd period - Shot Misses the Net.
2:48 of 3rd period - Shot by Mark Streit.
2:48 of 3rd period - Shot Blocked by Francois Beauchemin.
2:50 of 3rd period - Shot by Mark Streit.
2:50 of 3rd period - Shot Misses the Net.
2:52 of 3rd period - Shot by Mike Fisher.
2:52 of 3rd period - Stopped by Scott Clemmensen without a rebound.
2:53 of 3rd period - Marc Savard wins face-off versus Matt Cullen in Sharks zone.
2:53 of 3rd period - Marc Savard is hit by Marco Sturm.
3:01 of 3rd period - Icing by Matt Cullen.
3:02 of 3rd period - Erik Christensen wins face-off versus Owen Nolan in Flames zone.
3:16 of 3rd period - Alex Tanguay is hit by Erik Johnson and loses puck.
3:20 of 3rd period - Icing by Matt Cullen.
3:21 of 3rd period - Matt Cullen wins face-off versus Marc Savard in Flames zone.
3:21 of 3rd period - Matt Cullen is hit by Blake Comeau.
3:47 of 3rd period - Minor Penalty to Jack Johnson for Roughing.
3:48 of 3rd period - Jarret Stoll wins face-off versus Matt Cullen in Flames zone.
3:49 of 3rd period - Shot by Marek Zidlicky.
3:49 of 3rd period - Shot Misses the Net.
3:51 of 3rd period - Shot by Shane Doan.
3:51 of 3rd period - Stopped by Evgeni Nabokov with a rebound.
3:53 of 3rd period - Shot by Francois Beauchemin.
3:53 of 3rd period - Stopped by Evgeni Nabokov with a rebound.
3:55 of 3rd period - Shot by Marek Zidlicky.
3:55 of 3rd period - Shot Misses the Net.
3:57 of 3rd period - Shot by Francois Beauchemin.
3:57 of 3rd period - Stopped by Evgeni Nabokov without a rebound.
3:58 of 3rd period - Dainius Zubrus wins face-off versus John Tavares in Flames zone.
4:57 of 3rd period - Icing by Bryan McCabe.
4:58 of 3rd period - Mike Fisher wins face-off versus Marc Savard in Sharks zone.
4:58 of 3rd period - Mike Fisher is hit by Johnny Boychuk.
6:10 of 3rd period - Shot by Alex Steen.
6:10 of 3rd period - Shot Misses the Net.
6:12 of 3rd period - Shot by Zach Bogosian.
6:12 of 3rd period - Shot Misses the Net.
6:16 of 3rd period - Shot by Evgeni Malkin.
6:16 of 3rd period - Deflect By Alex Steen.
6:16 of 3rd period - Stopped by Scott Clemmensen without a rebound.
6:17 of 3rd period - Erik Christensen wins face-off versus John Tavares in Sharks zone.
6:24 of 3rd period - Shot by Nick Foligno.
6:24 of 3rd period - Shot Misses the Net.
6:26 of 3rd period - Shot by Erik Christensen.
6:26 of 3rd period - Shot Blocked by Zach Bogosian.
7:01 of 3rd period - Icing by Erik Johnson.
7:02 of 3rd period - Marco Sturm wins face-off versus Jarret Stoll in Flames zone.
7:13 of 3rd period - Shot by Marco Sturm.
7:13 of 3rd period - Stopped by Scott Clemmensen without a rebound.
7:14 of 3rd period - Kamil Kreps wins face-off versus Mike Fisher in Sharks zone.
7:19 of 3rd period - Shot by Eric Brewer.
7:19 of 3rd period - Stopped by Evgeni Nabokov without a rebound.
7:20 of 3rd period - Mike Fisher wins face-off versus Kamil Kreps in Flames zone.
7:43 of 3rd period - Shot by Evgeni Malkin.
7:43 of 3rd period - Shot Misses the Net.
8:26 of 3rd period - Mason Raymond is hit by Mark Streit.
8:31 of 3rd period - Minor Penalty to Dan Boyle for Interference.
8:32 of 3rd period - John Tavares wins face-off versus Jarret Stoll in Flames zone.
8:53 of 3rd period - Shot by Shane Doan.
8:53 of 3rd period - Shot Misses the Net.
8:55 of 3rd period - Shot by Johnny Boychuk.
8:55 of 3rd period - Shot Misses the Net.
8:57 of 3rd period - Shot by Johnny Boychuk.
8:57 of 3rd period - Shot Misses the Net.
8:59 of 3rd period - Shot by Johnny Boychuk.
8:59 of 3rd period - Shot Blocked by Erik Johnson.
9:01 of 3rd period - Shot by Marek Zidlicky.
9:01 of 3rd period - Stopped by Evgeni Nabokov without a rebound.
9:02 of 3rd period - Marc Savard wins face-off versus Matt Cullen in Flames zone.
9:35 of 3rd period - Shot by Marc Savard.
9:35 of 3rd period - Shot Misses the Net.
9:59 of 3rd period - Shot by Marek Zidlicky.
9:59 of 3rd period - Stopped by Evgeni Nabokov with a rebound.
10:09 of 3rd period - Rostislav Olesz is hit by Shane Doan and loses puck.
10:28 of 3rd period - Shot by Blake Comeau.
10:28 of 3rd period - Deflect By Mason Raymond.
10:28 of 3rd period - Stopped by Evgeni Nabokov without a rebound.
10:29 of 3rd period - Mike Fisher wins face-off versus Marc Savard in Flames zone.
10:44 of 3rd period - Shot by Kamil Kreps.
10:44 of 3rd period - Shot Blocked by Zach Bogosian.
10:46 of 3rd period - Shot by Tom Kostopoulos.
10:46 of 3rd period - Stopped by Evgeni Nabokov without a rebound.
10:47 of 3rd period - Erik Christensen wins face-off versus John Tavares in Flames zone.
11:17 of 3rd period - Icing by Steve Downie.
11:18 of 3rd period - Kamil Kreps wins face-off versus John Tavares in Flames zone.
11:24 of 3rd period - Icing by Zach Bogosian.
11:25 of 3rd period - John Tavares wins face-off versus Kamil Kreps in Flames zone.
11:57 of 3rd period - Icing by Mike Fisher.
11:58 of 3rd period - Marc Savard wins face-off versus Mike Fisher in Flames zone.
12:01 of 3rd period - Shot by Blake Comeau.
12:01 of 3rd period - Deflect By Marc Savard.
12:01 of 3rd period - Shot Misses the Net.
12:21 of 3rd period - Shot by Evgeni Malkin.
12:21 of 3rd period - Shot Misses the Net.
12:28 of 3rd period - Marc Savard is hit by Dan Boyle and loses puck.
13:13 of 3rd period - Off-side.
13:14 of 3rd period - John Tavares wins face-off versus Kamil Kreps in neutral zone.
13:18 of 3rd period - Steve Downie is hit by Eric Brewer and loses puck.
13:30 of 3rd period - Steve Downie beats up Brad Staubitz.
13:30 of 3rd period - Penalty to Brad Staubitz for Fighting.
13:30 of 3rd period - Penalty to Steve Downie for Fighting.
13:31 of 3rd period - Erik Christensen wins face-off versus Matt Cullen in Flames zone.
13:32 of 3rd period - Shot by Johnny Boychuk.
13:32 of 3rd period - Shot Misses the Net.
13:36 of 3rd period - Shot by Erik Christensen.
13:36 of 3rd period - Deflect By Nick Foligno.
13:36 of 3rd period - Stopped by Evgeni Nabokov without a rebound.
13:37 of 3rd period - Erik Christensen wins face-off versus John Tavares in Flames zone.
13:37 of 3rd period - Erik Christensen is hit by Zach Bogosian.
13:44 of 3rd period - Nick Foligno is hit by Josh Gorges and loses puck.
13:47 of 3rd period - Shot by Shane OBrien.
13:47 of 3rd period - Shot Blocked by Josh Gorges.
13:51 of 3rd period - Shot by Erik Christensen.
13:51 of 3rd period - Deflect By Alex Tanguay.
13:51 of 3rd period - Stopped by Evgeni Nabokov without a rebound.
13:52 of 3rd period - Kamil Kreps wins face-off versus Mike Fisher in Flames zone.
14:16 of 3rd period - Shot by Evgeni Malkin.
14:16 of 3rd period - Shot Misses the Net.
14:18 of 3rd period - Shot by Mike Fisher.
14:18 of 3rd period - Stopped by Scott Clemmensen without a rebound.
14:19 of 3rd period - Matt Cullen wins face-off versus Erik Christensen in Sharks zone.
14:42 of 3rd period - Shot by Erik Johnson.
14:42 of 3rd period - Shot Misses the Net.
14:46 of 3rd period - Shot by Jack Johnson.
14:46 of 3rd period - Shot Blocked by Shane OBrien.
14:48 of 3rd period - Shot by Marco Sturm.
14:48 of 3rd period - Stopped by Scott Clemmensen without a rebound.
14:49 of 3rd period - Jarret Stoll wins face-off versus John Tavares in Sharks zone.
15:03 of 3rd period - Icing by Josh Gorges.
15:04 of 3rd period - John Tavares wins face-off versus Jarret Stoll in Flames zone.
15:17 of 3rd period - Shot by John Tavares.
15:17 of 3rd period - Shot Misses the Net.
15:19 of 3rd period - Shot by Maxim Lapierre.
15:19 of 3rd period - Stopped by Scott Clemmensen without a rebound.
15:20 of 3rd period - Mike Fisher wins face-off versus Marc Savard in Sharks zone.
15:43 of 3rd period - Shot by Evgeni Malkin.
15:43 of 3rd period - Shot Blocked by Bryan McCabe.
15:45 of 3rd period - Shot by Dan Boyle.
15:45 of 3rd period - Shot Misses the Net.
15:47 of 3rd period - Shot by Mike Fisher.
15:47 of 3rd period - Stopped by Scott Clemmensen without a rebound.
15:48 of 3rd period - Jarret Stoll wins face-off versus Matt Cullen in Sharks zone.
15:48 of 3rd period - Jarret Stoll is hit by Owen Nolan.
16:02 of 3rd period - Shot by Matt Cullen.
16:02 of 3rd period - Shot Hit the Post.
16:04 of 3rd period - Shot by Jack Johnson.
16:04 of 3rd period - Stopped by Scott Clemmensen with a rebound.
16:08 of 3rd period - Shot by Jack Johnson.
16:08 of 3rd period - Shot Misses the Net.
16:18 of 3rd period - Shot by Shane Doan.
16:18 of 3rd period - Deflect By Jarret Stoll.
16:18 of 3rd period - Stopped by Evgeni Nabokov without a rebound.
16:19 of 3rd period - Marc Savard wins face-off versus John Tavares in Flames zone.
17:27 of 3rd period - Evgeni Malkin is hit by Marek Zidlicky and loses puck.
18:05 of 3rd period - Minor Penalty to Mike Fisher for Roughing.
18:06 of 3rd period - Shane Doan wins face-off versus John Tavares in Flames zone.
18:09 of 3rd period - Shot by Marc Savard.
18:09 of 3rd period - Stopped by Evgeni Nabokov without a rebound.
18:10 of 3rd period - Marc Savard wins face-off versus John Tavares in Flames zone.
18:52 of 3rd period - Icing by Francois Beauchemin.
18:53 of 3rd period - John Tavares wins face-off versus Dainius Zubrus in Sharks zone.
19:12 of 3rd period - Shot by Marek Zidlicky.
19:12 of 3rd period - Shot Misses the Net.


Output by the SimonT Hockey Simulator (STHS) for Stephane Roy -- Original Page W3C XHTML 1.0 Valid